 Dungeon Crawl Stone Soup version 0.28.0-43-g3370ac3207 (webtiles) character file.

Game seed: 5780556554135747578

28 Ablot the Grasshopper (level 3, 0/31 HPs)
             Began as a Gnoll Warper on Mar 14, 2022.
             Slain by a quokka (1 damage)
             ... on level 2 of the Dungeon.
             The game lasted 00:01:07 (946 turns).

Ablot the Grasshopper (Gnoll Warper)                 Turns: 946, Time: 00:01:08

Health: 0/31       AC:  3    Str: 12    XL:     3   Next: 14%
Magic:  9/9        EV: 12    Int: 12    God:
Gold:   142        SH:  0    Dex: 11    Spells: 12/12 levels left

rFire   . . .      SeeInvis .   a - +0 spear
rCold   . . .      Faith    .   (no shield)
rNeg    . . .      Spirit   .   b - +0 leather armour
rPois   .          Reflect  .   (no helmet)
rElec   .          Harm     .   (no cloak)
rCorr   .          Rampage  .   (no gloves)
Will    .....                   (no boots)
Stlth   +.........              (no amulet)
HPRegen 0.10/turn               (no ring)
MPRegen 0.11/turn               (no ring)

@: no status effects
A: fangs 1, strong nose, distributed training
a: no special abilities


You were on level 2 of the Dungeon.
You visited 1 branch of the dungeon, and saw 2 of its levels.

You collected 198 gold pieces.
You spent 56 gold pieces at shops.

Inventory:

Hand Weapons
 a - a +0 spear (weapon)
Missiles
 d - 5 boomerangs of dispersal (quivered)
 e - 23 stones
 g - 13 bolts
 j - 19 arrows
Armour
 b - a +0 leather armour (worn)
Jewellery
 n - an amulet of regeneration
Scrolls
 c - a scroll of blinking
 h - a scroll of immolation {unknown}
 i - a scroll of identify {unknown}
 k - a scroll of fear {unknown}
 o - a scroll of fog {unknown}
Potions
 f - a potion of heal wounds {unknown}
 l - a potion of degeneration
 m - a potion of curing


   Skills:
 + Level 4.5 Fighting
 + Level 0.6 Short Blades
 + Level 0.6 Long Blades
 + Level 0.6 Axes
 + Level 0.6 Maces & Flails
 + Level 4.5 Polearms
 + Level 0.6 Staves
 + Level 0.6 Slings
 + Level 0.6 Bows
 + Level 0.6 Crossbows
 + Level 2.5 Throwing
 + Level 2.5 Armour
 + Level 4.5 Dodging
 + Level 0.6 Stealth
 + Level 0.6 Shields
 + Level 0.6 Unarmed Combat
 + Level 5.0 Spellcasting
 + Level 0.4 Conjurations
 + Level 0.4 Hexes
 + Level 0.4 Summonings
 + Level 0.4 Necromancy
 + Level 5.4 Translocations
 + Level 0.4 Transmutations
 + Level 0.4 Fire Magic
 + Level 0.4 Ice Magic
 + Level 0.4 Air Magic
 + Level 0.4 Earth Magic
 + Level 0.4 Poison Magic
 + Level 0.8 Invocations
 + Level 0.6 Evocations


You had 12 spell levels left.
You didn't know any spells.
Your spell library contained the following spells:

 Spells                   Type           Power      Damage    Failure   Level
 Blink                    Tloc           30%        N/A       4%          2
 Gell's Gravitas          Tloc           15%        N/A       9%          3
 Lesser Beckoning         Tloc           15%        N/A       9%          3
 Teleport Other           Tloc           15%        N/A       9%          3
 Manifold Assault         Tloc           15%        N/A       61%         5


Dungeon Overview and Level Annotations

Branches:
Dungeon (2/15)

Altars:

Shops:
D:2 !


Innate Abilities, Weirdness & Mutations

You have very sharp teeth.
Your uncanny sense of smell can sniff out nearby items.
Your experience applies equally to all skills.


Message History

The worm bites you but does no damage.
You hit the worm.
The worm is heavily wounded.
You hit the worm.
The worm is heavily wounded.
The worm barely misses you.
You hit the worm.
The worm is severely wounded.
You barely miss the worm. You bite the worm, but do no damage.
The worm is severely wounded.
The worm barely misses you.
You hit the worm.
The worm is almost dead.
You hit the worm.
You kill the worm!
The quokka bites you.
* * * LOW HITPOINT WARNING * * *
Your Spellcasting skill increases to level 5!
You hit the quokka. Your bite misses the quokka.
The quokka is severely wounded.
You hit the quokka but do no damage. You punch the quokka.
Your bite misses the quokka.
The quokka is almost dead.
The quokka bites you.
* * * LOW HITPOINT WARNING * * *
The quokka bites you.
* * * LOW HITPOINT WARNING * * *
You hit the quokka but do no damage.
The quokka is almost dead.
The quokka misses you.
You barely miss the quokka.
The quokka is almost dead.
You barely miss the quokka.
The quokka is almost dead.
The quokka barely misses you.
The quokka bites you but does no damage.
You hit the quokka but do no damage.
The quokka is almost dead.
The quokka bites you.
You die...

.#.....^. ....#
...∩# ....# # ..<.#
##. .....# #...
#....>.# .....
#...##.#
(.....##########
#....
.........r@.......#
#).###
#.......########.#
#..# #..... #.#
#..# #... #.# ...
#.# ## #.# ### #.#
..# #.# #.# #.#


You could see a quokka.

Vanquished Creatures
  A worm (D:2)
  2 endoplasms (D:2)
  A giant cockroach (D:1)
  3 goblins (D:1)
  2 hobgoblins (D:1)
  A quokka (D:2)
  4 bats
  5 frilled lizards
  3 kobolds
  3 rats
25 creatures vanquished.

Vanquished Creatures (others)
  5 toadstools (D:1)
5 creatures vanquished.

Grand Total: 30 creatures vanquished

Notes
Turn   | Place    | Note
-------+----------+-------------------------------------------
     0 | D:1      | Ablot the Gnoll Warper began the quest for the Orb.
     0 | D:1      | Reached XP level 1. HP: 20/20 MP: 6/6
   140 | D:1      | Reached XP level 2. HP: 25/26 MP: 7/7
   544 | D:1      | Found a faded altar of an unknown god.
   641 | D:2      | Found Eluboaf's Distillery.
   657 | D:2      | Bought a potion of degeneration for 14 gold pieces
   657 | D:2      | Bought a potion of curing for 42 gold pieces
   916 | D:2      | Reached XP level 3. HP: 31/31 MP: 9/9
   941 | D:2      | Reached skill level 5 in Spellcasting
   942 | D:2      | HP: 1/31 [quokka (4)]
   946 | D:2      | Slain by a quokka

Illustrated notes

Levels and vault maps discovered:
D:1:      dpeg_arrival_rooms_b, layout_rooms, hellmonk_ecumenical_altar_run_dry,
          eino_curves_01, minmay_gold_behind_fungi
D:2:      layout_loops_ring, serial_shops, shop

Skill      XL: |  1  2  3 |
---------------+----------+-----
Spellcasting   | 5 |  5.0
Fighting       | |  4.5
Short Blades   | |  0.6
Long Blades    | |  0.6
Axes           | |  0.6
Maces & Flails | |  0.6
Polearms       | |  4.5
Staves         | |  0.6
Slings         | |  0.6
Bows           | |  0.6
Crossbows      | |  0.6
Throwing       | |  2.5
Armour         | |  2.5
Dodging        | |  4.5
Stealth        | |  0.6
Shields        | |  0.6
Unarmed Combat | |  0.6
Conjurations   | |  0.4
Hexes          | |  0.4
Summonings     | |  0.4
Necromancy     | |  0.4
Translocations | |  5.4
Transmutations | |  0.4
Fire Magic     | |  0.4
Ice Magic      | |  0.4
Air Magic      | |  0.4
Earth Magic    | |  0.4
Poison Magic   | |  0.4
Invocations    | |  0.8
Evocations     | |  0.6

Action                   || total
-------------------------++-------
Melee: Spear             ||    94
       Bite              ||    10
       Punch             ||     2
Armor: Leather armour    ||    14
Dodge: Dodged            ||    37
